Map: Deathaura LE

Players

Denver

  • Race: Zerg Zerg
  • League: Grandmaster
  • Spawn Location: 11:00

SortOf - Winner!

  • Race: Zerg Zerg
  • League: Grandmaster
  • Spawn Location: 5:00

Event: DreamHack SC2 Masters 2020 Fall

VOD

Have the link to the VOD?

Description

Time

  • Played on: Sept. 4, 2020, 11:15 a.m.
  • Length: 9:31

All games in this series

Show
View Real Time Build Order
Export as new Build Order

Denver Zerg 

Build Orders: Hatch First 

Get SALT Encoding   

  12  0:00  Drone  
  13  0:13  Overlord  
  13  0:17  Drone  
  14  0:31  Drone x2  
  16  0:48  Hatchery  
  15  0:52  Drone  
  15  0:56  Drone  
  17  0:59  Drone  
  18  1:10  Extractor  
  17  1:14  Spawning Pool  
  17  1:18  Drone  
  17  1:21  Drone  
  18  1:29  Drone  
  19  1:40  Drone  
  20  1:51  Drone  
  21  2:01  Queen x2, Overlord  
  21  2:03  Zergling x2  
  26  2:11  Drone  
  26  2:12  Drone  
  26  2:15  Metabolic Boost  
  29  2:22  Drone  
  29  2:23  Drone  
  30  2:38  Hatchery  
  30  2:41  Drone  
  30  2:43  Drone  
  31  2:49  Queen  
  33  2:54  Overlord  
  33  2:56  Drone  
  34  3:01  Baneling Nest  
  34  3:04  Zergling x2  
  34  3:05  Drone  
  35  3:09  Zergling x2  
  36  3:13  Drone  
  36  3:14  Zergling x4  
  38  3:20  Zergling x4  
  40  3:29  Drone, Overlord  
  40  3:30  Drone x2  
  43  3:35  Evolution Chamber  
  43  3:37  Zergling x2  
  43  3:44  Baneling x2  
  43  3:46  Drone, Overlord  
  44  3:49  Zergling x6  
  44  3:52  Drone  
  44  3:55  Drone  
  49  4:02  Drone x2, Roach Warren  
  50  4:10  Overlord  
  50  4:12  Drone x3  
  52  4:18  Drone  
  52  4:23  Drone x2, Overlord  
  55  4:24  Extractor  
  54  4:39  Extractor  
  54  4:41  Drone  
  54  4:42  Drone x2  
  54  4:43  Roach x5  
  66  4:50  Roach  
  66  4:51  Roach x2  
  71  4:56  Zergling x2  
  71  4:57  Roach, Zergling x6  
  76  5:04  Roach x2  
  76  5:05  Overlord  
  79  5:07  Spore Crawler  
  79  5:08  Drone x2  
  81  5:17  Overlord x3  
  81  5:23  Zerg Missile Weapons Level 1  
  80  5:31  Drone x7  
  80  5:34  Overlord  
  87  5:38  Drone x2  
  87  5:42  Lair  
  89  5:46  Drone x2  
  89  5:49  Drone x2  
  94  5:50  Drone  
  93  5:57  Drone x2  
  93  5:58  Drone  
  93  6:00  Roach x2, Extractor x2  
  98  6:06  Roach x3  
  98  6:09  Drone x3  
  107  6:12  Roach  
  107  6:15  Roach x2  
  107  6:18  Overlord  
  113  6:19  Roach  
  113  6:21  Roach  
  113  6:24  Roach x2  
  121  6:28  Overlord x2  
  121  6:32  Overlord  
  120  6:34  Overlord  
  120  6:39  Overseer  
  120  6:41  Glial Reconstitution  
  120  6:44  Roach x4  
  128  6:47  Extractor, Overlord  
  128  6:49  Overlord  
  128  6:52  Ravager x2  
  129  6:54  Overlord  
  129  6:58  Drone x3  
  132  7:02  Overlord  
  132  7:04  Roach x3  
  138  7:11  Drone x2  
  138  7:12  Drone x3, Hydralisk Den  
  138  7:15  Ravager x2  
  144  7:17  Overlord  
  144  7:33  Spore Crawler  
  144  7:34  Drone  
  144  7:38  Spore Crawler  
  144  7:43  Hydralisk x8, Muscular Augments  
  159  7:46  Overlord  
  159  7:50  Spore Crawler  
  158  7:53  Overlord  
  158  7:57  Hydralisk x4  
  166  8:02  Roach  
  166  8:03  Roach  
  170  8:26  Hatchery  
  167  8:28  Roach  
  167  8:29  Roach x9  
  186  8:36  Overlord  
  186  8:39  Overlord  
  186  8:41  Roach x4  
  193  8:46  Overlord  
  189  8:57  Roach x5  
Show
View Real Time Build Order
Export as new Build Order

SortOf Zerg - Winner!

Build Orders: Hatch First, Muta Ling Bane 

Get SALT Encoding   

  12  0:00  Drone  
  13  0:13  Overlord  
  13  0:16  Drone  
  14  0:31  Drone x2  
  16  0:47  Hatchery  
  15  0:51  Drone  
  15  0:54  Drone  
  17  0:57  Drone  
  18  1:08  Extractor  
  17  1:13  Spawning Pool  
  17  1:16  Drone  
  17  1:19  Drone  
  18  1:29  Drone  
  19  1:39  Drone  
  20  1:50  Drone  
  21  1:59  Queen x2  
  26  2:01  Zergling x2  
  26  2:02  Overlord  
  26  2:11  Drone, Metabolic Boost  
  26  2:12  Drone  
  28  2:23  Drone x2  
  30  2:33  Hatchery  
  29  2:38  Drone x2  
  29  2:44  Overlord  
  31  2:45  Zergling x2  
  32  2:53  Drone  
  32  2:57  Roach Warren  
  32  3:01  Zergling x2  
  33  3:06  Zergling x4  
  33  3:09  Zergling x6  
  33  3:12  Drone  
  39  3:16  Drone x2  
  40  3:21  Drone  
  40  3:22  Overlord  
  41  3:28  Queen  
  43  3:36  Evolution Chamber  
  43  3:38  Zergling x2  
  43  3:43  Zergling x8  
  43  3:45  Zergling x2  
  43  3:46  Drone  
  48  3:50  Drone  
  48  3:54  Drone x2  
  51  3:55  Drone  
  51  4:00  Lair  
  53  4:02  Drone  
  53  4:05  Roach  
  53  4:08  Overlord  
  55  4:11  Roach  
  57  4:18  Zerg Missile Weapons Level 1  
  57  4:22  Overlord  
  57  4:27  Overlord  
  57  4:28  Extractor  
  57  4:29  Drone x4  
  61  4:31  Drone  
  61  4:32  Drone  
  61  4:35  Drone  
  61  4:37  Drone x2  
  65  4:47  Drone x2  
  65  4:49  Drone x2  
  68  4:56  Roach x3  
  66  5:01  Extractor  
  66  5:02  Drone  
  66  5:03  Roach x4, Extractor  
  72  5:10  Roach x2  
  72  5:12  Overlord  
  72  5:13  Drone  
  76  5:20  Overlord  
  76  5:25  Queen  
  76  5:26  Glial Reconstitution  
  76  5:27  Overlord  
  76  5:29  Drone x2  
  76  5:32  Drone  
  76  5:33  Drone  
  76  5:34  Drone  
  82  5:42  Roach  
  82  5:43  Roach  
  82  5:44  Drone  
  82  5:49  Drone  
  84  5:51  Drone x5  
  88  5:59  Overseer, Spire  
  88  6:01  Extractor x2  
  88  6:02  Drone  
  88  6:03  Drone  
  87  6:08  Overlord  
  87  6:11  Drone x3  
  87  6:12  Overlord  
  90  6:27  Roach  
  90  6:28  Roach x6  
  104  6:36  Drone x3, Roach  
  109  6:40  Overlord  
  109  6:41  Zerg Missile Weapons Level 2  
  109  6:44  Roach x2  
  113  6:49  Overlord  
  113  6:55  Overlord  
  113  6:58  Drone x2, Overlord  
  115  7:10  Mutalisk x5  
  115  7:11  Overlord  
  115  7:12  Mutalisk  
  127  7:21  Roach x3, Baneling Nest  
  127  7:22  Zergling x6  
  135  7:27  Roach x3  
  141  7:31  Overlord  
  141  7:35  Drone x2  
  141  7:36  Drone  
  144  7:40  Mutalisk x2  
  148  7:47  Hatchery  
  148  7:50  Overlord  
  147  7:53  Overlord  
  147  7:55  Roach x3  
  153  8:02  Drone  
  153  8:03  Drone, Overlord  
  155  8:06  Centrifical Hooks  
  155  8:07  Overlord  
  155  8:08  Hatchery  
  155  8:11  Roach x2  
  158  8:16  Roach x3  
  164  8:26  Queen  
  162  8:28  Overlord  
  162  8:29  Zergling x14  
  169  8:36  Ravager  
  169  8:37  Baneling x6  
  169  8:38  Roach x2  
  174  8:45  Roach x4  
  174  8:47  Baneling  
  174  8:48  Baneling x4  
  182  8:49  Ravager x2  
  182  8:54  Baneling x7  
  182  8:55  Baneling x2  
  182  9:00  Roach x3  
  178  9:11  Roach x5  

Tags
 
Add a new tag
Caveats
  • Supply blocks, unpowered buildings, or Contaminate may cause inaccurate times.
  • Supply counts are checked every 10 seconds.